AoeStats
← lSeTal

Enclosed

503921819Analyzed
3v3 RM · 1mo ago on Sep 3, 2026· 53m 42s· 6 players
Game mode
Random Map
Map size
Normal (6 player)
Population
200
Speed
Normal
Resources
Standard
Victory
Conquest
Starting age
Dark Age
Ending age
Imperial Age
RankedLock teamsTeams togetherTeam positionsShared explorationLock speedFull tech treeHidden civsTurbo modeCheats
Victory
Defeat
🇺🇸 Tatars · United States
1123
+12
🇺🇸 Persians · United States
1058
+15
🇺🇸 Japanese · United States
1040
+16
🇨🇴 Tatars · Colombia
1060
-15
🇺🇸 Magyars · United States
1047
-15
🇨🇴 Spanish · Colombia
1015
-13
lSeTal
7:45 Loom
10:25 Feudal Age
16:11 Double-Bit Axe
16:14 Horse Collar
20:07 Padded Archer Armor
23:50 Castle Age
24:28 Scale Barding Armor
24:16 Fletching
24:58 Leather Archer Armor
25:05 Bow Saw
25:01 Bodkin Arrow
25:40 Elite Skirmisher
31:31 Pikeman
48:06 Scale Barding Armor
49:59 Ballistics
50:10 Chain Barding Armor
53:32 Corvinian Army
Andyrask
7:34 Loom
10:16 Feudal Age
11:09 Town Watch
11:08 Man-at-Arms
11:35 Arson
15:35 Double-Bit Axe
16:58 Forging
16:51 Scale Mail Armor
17:05 Bloodlines
18:21 Fletching
21:26 Scale Barding Armor
25:43 Gold Mining
28:24 Castle Age
28:11 Horse Collar
29:00 Stone Mining
30:06 Pikeman
30:47 Squires
33:44 Wheelbarrow
35:30 Stone Shaft Mining
35:52 Bow Saw
37:41 Gambesons
39:04 Heavy Plow
40:40 Bodkin Arrow
45:26 Chain Mail Armor
45:26 Light Cavalry
47:24 Iron Casting
juanchelord
11:30 Feudal Age
12:03 Loom
13:27 Wheelbarrow
13:17 Double-Bit Axe
15:55 Castle Age
15:08 Gold Mining
15:00 Horse Collar
19:05 Fletching
21:52 Padded Archer Armor
26:20 Bow Saw
30:37 Bodkin Arrow
31:59 Leather Archer Armor
32:54 Fervor
33:07 Heavy Plow
33:44 Gold Shaft Mining
37:19 Imperial Age
35:20 Husbandry
35:30 Bloodlines
35:51 Ballistics
35:23 Stone Mining
36:19 Scale Barding Armor
35:38 Light Cavalry
38:01 Bracer
39:02 Chemistry
38:38 Crop Rotation
39:03 Heavy Cavalry Archer
40:30 Conscription
40:38 Hand Cart
42:29 Chain Barding Armor
42:15 Town Watch
43:46 Timurid Siegecraft
44:17 Hussar
46:43 Forging
47:11 Plate Barding Armor
49:39 Forging
52:47 Pikeman
53:27 Squires
Sir Jones the Cool
10:19 Feudal Age
14:47 Castle Age
12:53 Double-Bit Axe
15:00 Scale Barding Armor
17:51 Forging
18:53 Bloodlines
19:20 Husbandry
22:42 Wheelbarrow
23:28 Chain Barding Armor
24:55 Iron Casting
25:01 Gold Mining
25:24 Fletching
27:10 Bow Saw
26:50 Loom
29:21 Bodkin Arrow
31:44 Hand Cart
37:33 Imperial Age
38:26 Plate Barding Armor
37:13 Cavalier
39:06 Thumb Ring
40:06 Blast Furnace
40:46 Savar
Stevarino21
10:35 Feudal Age
8:54 Loom
15:37 Double-Bit Axe
19:12 Fletching
19:58 Padded Archer Armor
24:56 Castle Age
25:15 Elite Skirmisher
26:19 Scale Mail Armor
26:58 Bow Saw
26:59 Man-at-Arms
28:57 Forging
36:34 Horse Collar
38:46 Heavy Plow
39:03 Leather Archer Armor
39:15 Ballistics
39:15 Stone Mining
39:15 Gold Mining
40:01 Bodkin Arrow
42:03 Chain Mail Armor
46:24 Imperial Age
44:32 Wheelbarrow
45:26 Iron Casting
48:27 Bracer
48:58 Ring Archer Armor
48:59 Plate Mail Armor
49:30 Blast Furnace
50:30 Thumb Ring
49:56 Capped Ram
52:27 Elite Samurai
Harry Balsagna
6:05 Loom
9:55 Feudal Age
10:55 Man-at-Arms
13:12 Double-Bit Axe
16:50 Fletching
23:10 Castle Age
22:01 Padded Archer Armor
22:52 Gold Mining
22:44 Horse Collar
23:14 Crossbowman
24:15 Bodkin Arrow
28:53 Bow Saw
33:52 Scale Barding Armor
38:37 Leather Archer Armor
41:10 Stone Mining
44:04 Ballistics
44:22 Wheelbarrow
Connection lost

Rejoining the realm…

Still unreachable

The connection could not be restored.

Session expired

The server has moved on; the page needs a fresh start.